 Dungeon Crawl Stone Soup version 0.28-a0-1560-g060a6a1bfc (webtiles) character file.

Game seed: 18200593537795010830

18893 Napalmbreeze the Fighter (level 12, -4/98 HPs)
             Began as a Demonspawn Gladiator on Jan 19, 2022.
             Was a Believer of Ru.
             Slain by a water moccasin (6 damage)
             ... on level 1 of the Lair of Beasts on Feb 23, 2022.
             The game lasted 00:47:49 (14861 turns).

Napalmbreeze the Fighter (Demonspawn Gladiator)    Turns: 14861, Time: 00:47:49

Health: -4/98      AC: 23    Str: 18    XL:     12   Next: 31%
Magic:  12/12      EV:  2    Int: 14    God:    Ru [**....]
Gold:   801        SH: 16    Dex: 17    Spells: 11/11 levels left

rFire   + . .      SeeInvis .   T - +2 war axe (vorpal)
rCold   + + +      Faith    .   Q - +0 kite shield
rNeg    . . .      Spirit   .   c - +0 crystal plate armour
rPois   +          Reflect  +   l - +2 helmet of Distant Shores {rPois rC+++ Int-2 Dex-2}
rElec   .          Harm     .   s - +0 cloak
rCorr   .          Rampage  .   (no gloves)
Will    ++...                   (no boots)
Stlth   ..........              G - amulet of reflection
HPRegen 0.26/turn               b - ring "Mucs" {rPois rF+ Will++ Int+6 Dex-3}
MPRegen 0.13/turn               g - +6 ring of dexterity

@: lethally poisoned (-4 -> -6), about to teleport
A: demonic guardian 3, no stealth, unskilled 1, demonic touch 2
a: Renounce Religion


You were on level 1 of the Lair of Beasts.
You worshipped Ru.
Ru was pleased with you.
You visited 3 branches of the dungeon, and saw 14 of its levels.
You also visited: Sewer.

You collected 801 gold pieces.

Inventory:

Hand Weapons
 M - a +1 flail of protection
 O - a +3 battleaxe of freezing
 T - a +2 vorpal war axe (weapon)
Missiles
 j - 23 poisoned darts (quivered)
 F - a throwing net
Armour
 c - a +0 crystal plate armour (worn)
 l - the +2 helmet of Distant Shores (worn) {rPois rC+++ Int-2 Dex-2}
   (You found it on level 5 of the Dungeon)

   Int:       It affects your intelligence (-2).
   Dex:       It affects your dexterity (-2).
   rC:        It renders you almost immune to cold.
   rPois:     It protects you from poison.
 s - a +0 cloak (worn)
 C - a +0 scale mail
 Q - a +0 kite shield (worn)
Jewellery
 b - the ring "Mucs" (left hand) {rPois rF+ Will++ Int+6 Dex-3}
   (You acquired it on level 3 of the Dungeon)

   [ring of intelligence]

   Int:       It affects your intelligence (+6).
   Dex:       It affects your dexterity (-3).
   rF:        It protects you from fire.
   rPois:     It protects you from poison.
   Will:      It greatly increases your willpower.
 g - a +6 ring of dexterity (right hand)
 k - a ring of see invisible
 G - an amulet of reflection (around neck)
 S - a +4 ring of protection
 U - a ring of flight
 Z - the ring "Qado" {rPois rCorr Int+6 Dex-2 Stlth+}
   (You found it on level 12 of the Dungeon)

   [ring of resist corrosion]

   Int:       It affects your intelligence (+6).
   Dex:       It affects your dexterity (-2).
   rPois:     It protects you from poison.
   rCorr:     It protects you from acid and corrosion.
   Stlth:     It makes you more stealthy.
Wands
 p - a wand of polymorph (4)
 z - a wand of mindburst (30)
 K - a wand of acid (20)
 P - a wand of digging (7)
 R - a wand of flame (5)
Scrolls
 h - 3 scrolls of blinking
 m - a scroll of fog
 n - a scroll of amnesia
 y - 2 scrolls of summoning {unknown}
 B - a scroll of fear
 D - 4 scrolls of teleportation
 E - 2 scrolls of identify
 J - 2 scrolls of immolation
 L - a scroll of magic mapping {unknown}
Potions
 a - a potion of berserk rage {unknown}
 d - a potion of brilliance {unknown}
 e - 2 potions of curing
 f - 3 potions of ambrosia
 o - 2 potions of lignification {unknown}
 q - 5 potions of magic
 t - 3 potions of haste {unknown}
 u - 4 potions of attraction
 v - a potion of heal wounds {unknown}
 w - 2 potions of might {unknown}
 x - a potion of degeneration {unknown}
 A - a potion of invisibility
 H - 2 potions of flight {unknown}
 N - 3 potions of mutation {unknown}
 V - a potion of resistance {unknown}
Miscellaneous
 i - a condenser vane
 I - a box of beasts


   Skills:
 + Level 10.4 Fighting
 + Level 9.7(10.0) Axes
 - Level 3.3(7.0) Maces & Flails
 - Level 1.5 Throwing
 - Level 7.0 Armour
 - Level 2.4 Dodging
 - Level 8.0 Shields


You had 11 spell levels left.
You didn't know any spells.
Your spell library contained the following spells:

 Spells                   Type           Power      Damage    Failure   Level
 Foxfire                  Conj/Fire      0%         2x1d4     100%        1
 Sandblast                Erth           0%         2d4       100%        1
 Ensorcelled Hibernation  Hex/Ice        0%         N/A       100%        2
 Passwall                 Tmut/Erth      0%         N/A       100%        2
 Static Discharge         Conj/Air       0%         N/A       100%        2
 Ozocubu's Armour         Ice            0%         N/A       100%        3
 Spider Form              Tmut/Pois      0%         N/A       100%        3
 Stone Arrow              Conj/Erth      0%         3d7       100%        3
 Swiftness                Air            0%         N/A       100%        3
 Anguish                  Hex/Necr       0%         N/A       100%        4
 Lightning Bolt           Conj/Air       0%         1d11      100%        5
 Metabolic Englaciation   Hex/Ice        0%         N/A       100%        5
 Simulacrum               Ice/Necr       0%         N/A       100%        6
 Maxwell's Capacitive Co  Air            0%         ∞         100%        8


Dungeon Overview and Level Annotations

Branches:
Dungeon (12/15)            Temple (1/1) D:5            Lair (1/6) D:11
    Orc (0/2) D:9           Sewer (visited)

Altars:
Ashenzari
Cheibriados
Dithmenos
Elyvilon
Fedhas
Gozag
Hepliaklqana
Kikubaaqudgha
Makhleb
Nemelex Xobeh
Okawaru
Qazlal
Ru
Sif Muna
Trog
Uskayaw
Vehumet
Wu Jian
Xom
Yredelemnul
Zin
The Shining One

Shops:
D:10 =   D:12 :

Annotations:
D:7 exclusion: 3 doors
D:9 1 runed translucent door, iamserjio's ghost, novice OpCK


Innate Abilities, Weirdness & Mutations

A powerful demonic guardian rushes to your aid.
You cannot be stealthy.
You are somewhat unskilled. (-1 Apt)
Your touch may inflict irresistible damage on your foes.


Message History

As you read the scroll of teleportation, it crumbles to dust.
You feel strangely unstable.
You feel sick.
The water moccasin bites you but does no damage.
The black mamba bites you but does no damage.
You block the water moccasin's attack.
The water moccasin bites you but does no damage.
The black mamba bites you but does no damage.
Unknown command.
You barely miss the water moccasin.
The water moccasin is lightly wounded.
You hit the water moccasin. You hit the black mamba.
You feel sick.
The water moccasin bites you but does no damage.
The black mamba bites you!
* * * LOW HITPOINT WARNING * * *
You block the water moccasin's attack.
The water moccasin bites you but does no damage.
You block the black mamba's attack.
The water moccasin bites you but does no damage.
Unknown command.
You slash the water moccasin!
The water moccasin is severely wounded.
You closely miss the komodo dragon. You hit the water moccasin.
You hit the black mamba but do no damage.
You feel sick.
The water moccasin is stunned by your conviction and fails to attack.
The black mamba bites you but does no damage.
You block the komodo dragon's attack.
The water moccasin bites you but does no damage.
You block the water moccasin's attack. The black mamba bites you.
* * * LOW HITPOINT WARNING * * *
The komodo dragon bites you!!
* * * LOW HITPOINT WARNING * * *
A demonic guardian appears!
You barely miss the water moccasin.
The water moccasin is severely wounded.
You slash the komodo dragon! You miss the water moccasin.
You barely miss the black mamba.
* * * LOW HITPOINT WARNING * * *
You feel sick. The water moccasin bites you.
You die...

.. .#P.. . .##...## ..
....... P#..... ......
#...# ##..S# ..###..SS# ##
#......S@###### ####.#
....#..l......##
......###.....P3.......#
P......###....#........###
............###..........#
#............###.........##
#...##.###...##..........P#
##......##...#........#..##
#...#.###...##÷........###


You could see a komodo dragon (ally target), a black mamba, 3 water moccasins
and a friendly smoke demon (summoned).

Vanquished Creatures
  Erolcha (D:9)
  A two-headed ogre (D:8)
  An ugly thing (D:11)
  A gargoyle (D:12)
  A komodo dragon (Lair:1)
  Psyche (D:8)
  A troll (shapeshifter) (D:12)
  2 trolls
  Grinder (D:5)
  4 slime creatures (D:12)
  2 shadows
  A vampire (D:12)
  22 yaks
  A wraith (D:10)
  A wyvern (D:7)
  3 steam dragons
  6 vampire mosquitoes
  An acid dragon (D:12)
  A warg (D:11)
  4 water moccasins
  3 orc warriors
  3 sky beasts
  2 ogres (D:5)
  A necrophage (D:6)
  4 centaurs
  2 phantoms
  A bullfrog (D:9)
  A gnoll sergeant (D:9)
  2 scorpions
  A water moccasin zombie (D:7)
  10 killer bees (D:10)
  4 wights (D:8)
  4 centaur zombies
  4 jellies
  3 orc priests
  7 hounds
  2 gnoll shamans
  2 centaur skeletons
  5 orc wizards
  5 iguanas
  A hound skeleton (D:4)
  2 howler monkey zombies
  12 gnolls
  11 adders
  A shadow imp (D:3)
  A white imp (D:6)
  3 ufetubi
  4 worms
  A dart slug (D:1)
  33 orcs
  8 endoplasms
  10 giant cockroaches
  6 goblins
  8 hobgoblins
  7 jackals
  6 quokkas
  3 ball pythons
  3 bats (D:1)
  A frilled lizard (D:3)
  10 kobolds
  12 rats
265 creatures vanquished.

Vanquished Creatures (collateral kills)
  A hydra (D:11)
  2 orc knights
  An ugly thing (D:11)
  A manticore (D:11)
  A black mamba (Lair:1)
  Maggie (D:7)
  2 trolls (D:7)
  A queen bee (D:10)
  A shadow (D:10)
  2 yaks
  2 acid dragons
  3 orc warriors
  An ogre (D:11)
  A centaur (D:7)
  A kobold brigand (D:8)
  A bullfrog (D:7)
  A wyvern zombie (D:7)
  5 killer bees (D:10)
  7 wights
  An orc priest (D:4)
  An iguana (D:6)
  An orc wizard (D:11)
  A howler monkey zombie (D:7)
  5 gnolls
  2 orcs
  2 kobolds (D:8)
48 creatures vanquished.

Vanquished Creatures (others)
  Maurice (D:8)
  A yak (Lair:1)
  A gnoll (D:9)
  3 fungi (D:3)
  2 plants (D:3)
8 creatures vanquished.

Grand Total: 321 creatures vanquished

Notes
Turn   | Place    | Note
-------+----------+-------------------------------------------
     0 | D:1      | Napalmbreeze the Demonspawn Gladiator began the quest for
                  | the Orb.
     0 | D:1      | Reached XP level 1. HP: 16/16 MP: 1/1
    84 | D:1      | Gained mutation: Your touch may inflict minor irresistible
                  | damage on your foes. [demonic ancestry]
    84 | D:1      | Reached XP level 2. HP: 12/23 MP: 2/2
  1111 | D:1      | Gained mutation: A weak demonic guardian rushes to your
                  | aid. [demonic ancestry]
  1111 | D:1      | Reached XP level 3. HP: 27/28 MP: 3/3
  1544 | D:2      | Reached skill level 3 in Fighting
  1734 | D:2      | Reached XP level 4. HP: 28/35 MP: 4/4
  2425 | D:3      | Noticed a scorpion
  2433 | D:3      | Killed a scorpion
  2434 | D:3      | Reached skill level 4 in Fighting
  2434 | D:3      | Reached XP level 5. HP: 39/42 MP: 5/5
  3206 | D:3      | Found a faded altar of an unknown god.
  3391 | D:3      | Got Plato's Disquisition on the Volcanoes
  3782 | D:3      | Identified a scroll of acquirement
  3783 | D:3      | Acquired the ring "Mucs" {rPois rF+ Will++ Int+6 Dex-3}
  4133 | D:4      | Reached XP level 6. HP: 47/49 MP: 6/6
  4234 | D:4      | Found a sacrificial altar of Ru.
  4375 | D:4      | Reached skill level 5 in Fighting
  4375 | D:4      | Reached skill level 5 in Axes
  4692 | D:4      | Reached skill level 1 in Maces & Flails
  4692 | D:4      | Reached skill level 1 in Armour
  4977 | D:4      | Became a worshipper of Ru the Awakened
  5032 | D:5      | Entered Level 5 of the Dungeon
  5086 | D:5      | Noticed Grinder
  5125 | D:5      | Gained mutation: Your touch may inflict irresistible damage
                  | on your foes. [demonic ancestry]
  5125 | D:5      | Reached XP level 7. HP: 22/56 MP: 7/7
  5142 | D:5      | Killed Grinder
  5172 | D:5      | Reached skill level 6 in Fighting
  5212 | D:5      | Identified the +2 helmet of Distant Shores {rPois rC+++
                  | Int-2 Dex-2}
  5221 | D:5      | Found a staircase to the Ecumenical Temple.
  5258 | D:5      | Found a glowing drain.
  5284 | Sewer    | Entered a sewer
  5357 | Sewer    | Gained mutation: A demonic guardian rushes to your aid.
                  | [demonic ancestry]
  5357 | Sewer    | Reached XP level 8. HP: 55/65 MP: 8/8
  5371 | Sewer    | Identified the +5 scimitar of Cobwebs {venom, rElec Stlth+}
  5910 | Temple   | Entered the Ecumenical Temple
  6227 | D:6      | Reached skill level 7 in Fighting
  6511 | D:6      | Reached skill level 5 in Armour
  6576 | D:6      | Reached skill level 8 in Fighting
  6744 | D:6      | Gained mutation: You are somewhat unskilled. (-1 Apt) [Ru
                  | sacrifice]
  6744 | D:6      | Reduced skill Fighting to level 7
  6744 | D:6      | Reached * piety under Ru
  6764 | D:7      | Noticed Maggie
  6769 | D:7      | Reached XP level 9. HP: 68/72 MP: 9/9
  6775 | D:7      | Killed Maggie
  6776 | D:7      | Reached skill level 5 in Axes
  6776 | D:7      | Reached skill level 5 in Armour
  6970 | D:7      | Reached skill level 8 in Fighting
  7003 | D:7      | Noticed a troll
  7007 | D:7      | Noticed an eight-headed hydra
  7007 | D:7      | Killed a troll
  7153 | D:7      | Noticed a troll
  7165 | D:7      | Killed a troll
  7678 | D:7      | Found the +6 Majin-Bo {vamp, MP+6 Int+6}
  8030 | D:7      | Reached XP level 10. HP: 74/82 MP: 10/10
  8376 | D:8      | Noticed Psyche
  8381 | D:8      | Killed Psyche
  8465 | D:8      | Noticed a two-headed ogre
  8621 | D:8      | Killed a two-headed ogre
  8622 | D:8      | Reached skill level 9 in Fighting
  9181 | D:8      | Noticed Maurice
  9208 | D:8      | Killed Maurice
  9294 | D:8      | Found a blossoming altar of Fedhas.
  9965 | D:9      | Found a staircase to the Orcish Mines.
 10173 | D:9      | Found a runed translucent door.
 10178 | D:9      | Noticed Erolcha
 10188 | D:9      | Killed Erolcha
 10244 | D:9      | Noticed a deep elf knight
 10244 | D:9      | Noticed iamserjio's ghost (novice OpCK)
 10843 | D:10     | Entered Level 10 of the Dungeon
 10886 | D:10     | Reached skill level 1 in Shields
 10886 | D:10     | Gained mutation: A powerful demonic guardian rushes to your
                  | aid. [demonic ancestry]
 10886 | D:10     | Reached XP level 11. HP: 81/89 MP: 11/11
 11168 | D:10     | Found Zijablaug's Jewellery Shop.
 11480 | D:10     | Reached skill level 5 in Shields
 11716 | D:11     | Noticed an orc knight
 11717 | D:11     | Noticed a white ugly thing
 11724 | D:11     | Killed an orc knight
 11734 | D:11     | Killed a white ugly thing
 11812 | D:11     | Found a staircase to the Lair.
 11856 | D:11     | Noticed an orc knight
 11942 | D:10     | Killed an orc knight
 12038 | D:10     | Found Zijablaug's Jewellery Shop.
 12190 | D:11     | Found a hide-covered altar of Uskayaw.
 12243 | D:11     | Gained mutation: You cannot be stealthy. [Ru sacrifice]
 12243 | D:11     | Reached ** piety under Ru
 12462 | D:11     | Noticed a five-headed hydra
 12952 | D:11     | HP: 1/90 [five-headed hydra (6)]
 12952 | D:11     | Killed a five-headed hydra
 13508 | D:12     | Noticed a cyan ugly thing
 13520 | D:12     | Reached XP level 12. HP: 94/97 MP: 12/12
 13558 | D:12     | Reached skill level 10 in Fighting
 13794 | D:12     | Found Soequsen's Book Shop.
 13853 | D:12     | Identified the ring "Qado" {rPois rCorr Int+6 Dex-2 Stlth+}
 14257 | D:11     | Found a staircase to the Lair.
 14261 | Lair:1   | Entered Level 1 of the Lair of Beasts
 14860 | Lair:1   | HP: 3/98 [komodo dragon (21)]
 14861 | Lair:1   | Slain by a water moccasin

Illustrated notes

Levels and vault maps discovered:
D:1:      sevenhm_arrival_forest_fort_small_3, layout_basic
D:2:      layout_rooms, grunt_decor_arrowhead
D:3:      layout_loops_corners, nicolae_overflow_crystal_walls,
          shapermc_ecumenical_altar_rom_forum
D:4:      layout_basic, nicolae_ru_sacrificial_ziggurat,
          minmay_fractal_squares_5
D:5:      layout_cave_pools, minmay_temple_entry_drinking_statues,
          portal_sewer_entry_f, uniq_grinder
D:6:      layout_loops_ring, lemuel_round_altar
D:7:      minmay_the_grid_octo_triangle [minmay_the_grid_octo_77,
          minmay_the_grid_octo_prize_single_spiral,
          minmay_the_grid_octo_fat_diamond], layout_gridville, uniq_maggie
D:8:      layout_loops_corners, fedhas_altar_2, uniq_psyche, uniq_maurice
D:9:      layout_basic, orc_0_dummy, ebering_ghost_inner_flame, uniq_erolcha
D:10:     layout_rooms, special_room [special_room_bee], serial_shops,
          nicolae_shop_behind_doors, glass_columns_a, minmay_stone_trees_small,
          minmay_misc_feat_x, nicolae_water_bricks, minmay_misc_feat_encased,
          eino_small_chamber_without_monster, serial_bayou_crossing
D:11:     layout_rooms, lair_entry_dummy, eat_drink_and_be_merry_uskayaw
D:12:     layout_cave_pools, serial_shops, shop_coins
Temple:   compressed_dpeg_circular_temple
Lair:1:   layout_misc_corridors

Skill      XL: |  1  2  3  4  5  6  7  8  9 10 11 12 |
---------------+-------------------------------------+-----
Axes           | 3 4 5 4 6 8 9 |  9.7
Fighting       | 3 4 5 6 7 8 9 10 | 10.4
Maces & Flails | 1 3 |  3.3
Armour         | 1 3 4 6 7 |  7.0
Shields        | 1 7 8 |  8.0
Throwing       | |  1.5
Dodging        | |  2.4

Action                   |  1- 3 |  4- 6 |  7- 9 | 10-12 || total
-------------------------+-------+-------+-------+-------++-------
Melee: War axe           |    88 |    69 |     7 |   324 ||   488
       Punch             |     1 |     1 |     3 |       ||     5
       Touch             |    14 |    32 |    52 |     4 ||   102
       Flail             |       |   129 |   239 |    56 ||   424
       Battleaxe         |       |       |    34 |   113 ||   147
Throw: Dart              |     2 |    13 |     2 |     3 ||    20
       Throwing net      |       |       |     5 |       ||     5
Invok: Sacrifice Skill   |       |       |     1 |       ||     1
       Sacrifice Stealth |       |       |       |     1 ||     1
  Use: Scroll            |       |     9 |     3 |     4 ||    16
       Potion            |       |       |       |     3 ||     3
 Stab: Sleeping          |     2 |       |       |       ||     2
       Held in net/web   |       |       |     1 |       ||     1
       Distracted        |       |       |       |     2 ||     2
Armor: Leather armour    |    28 |    21 |       |       ||    49
       Ring mail         |       |    86 |    66 |       ||   152
       Scale mail        |       |       |   147 |   222 ||   369
       Crystal plate arm |       |       |       |   122 ||   122
Dodge: Dodged            |    67 |   139 |   209 |   248 ||   663
Block: Kite shield       |       |       |       |   281 ||   281

Table legend: (Time is in decaauts)
 A = Elapsed time spent in this place.
 B = Non-inter-level travel time spent in this place.
 C = Inter-level travel time spent in this place.
 D = Time resting spent in this place.
 E = Time spent auto-exploring this place.
 F = Levels seen in this place.
 G = Mean time per level.
                   A        B        C        D        E       F      G
               +--------+--------+--------+--------+--------+-----+--------+
         Total |  15122 |  14468 |    654 |   3093 |   6914 |  15 | 1008.1 |
       Dungeon |  14246 |  13606 |    640 |   2723 |   6667 |  12 | 1187.2 |
        Temple |     86 |     72 |     14 |      0 |     57 |   1 |   86.0 |
          Lair |    610 |    610 |      0 |    370 |    144 |   1 |  610.0 |
         Sewer |    179 |    179 |      0 |      0 |     45 |   1 |  179.0 |
               +--------+--------+--------+--------+--------+-----+--------+

Top non-repeatable levels by time:
     D:7: 1647 daAuts
    D:11: 1534 daAuts
     D:1: 1509 daAuts
     D:3: 1363 daAuts
     D:2: 1279 daAuts
     D:8: 1238 daAuts
     D:9: 1196 daAuts
    D:10: 1179 daAuts
     D:4: 969 daAuts
     D:6: 810 daAuts
    D:12: 771 daAuts
     D:5: 746 daAuts
  Lair:1: 610 daAuts
   Sewer: 179 daAuts
  Temple: 86 daAuts
